 Dungeon Crawl Stone Soup version 0.29.1-13-g9f3cf754e1 (webtiles) character file.

Game seed: 14974678479226858871

2639 Oxelix the Cleaver (level 9, -1/84 HPs)
             Began as a Minotaur Fighter on Feb 1, 2023.
             Was a Follower of Wu Jian.
             Slain by an unseen horror (3 damage)
             ... on level 7 of the Dungeon.
             The game lasted 00:09:38 (8376 turns).

Oxelix the Cleaver (Minotaur Fighter)               Turns: 8376, Time: 00:09:38

Health: -1/84      AC: 13    Str: 26    XL:     9   Next: 35%
Magic:  8/8        EV:  6    Int:  5    God:    Wu Jian [*.....]
Gold:   142        SH:  4    Dex:  9    Spells: 8/8 levels left

rFire   . . .      SeeInvis .   a - +0 war axe
rCold   . . .      Faith    .   c - +0 buckler
rNeg    . . .      Spirit   .   f - +0 plate armour
rPois   .          Reflect  .   (helmet restricted)
rElec   .          Harm     .   d - +0 cloak
rCorr   .          Rampage  .   z - +0 pair of gloves
Will    .....                   (no boots)
Stlth   ..........              (no amulet)
HPRegen 0.24/turn               (no ring)
MPRegen 0.11/turn               (no ring)

@: no status effects
A: horns 2, retaliatory headbutt
a: Renounce Religion


You were on level 7 of the Dungeon.
You worshipped Wu Jian.
Wu Jian was aware of your devotion.
You visited 2 branches of the dungeon, and saw 8 of its levels.

You collected 304 gold pieces.
You spent 162 gold pieces at shops.

Inventory:

Hand Weapons
 a - a +0 war axe (weapon)
Missiles
 l - 20 poisoned darts (quivered)
 p - 5 boomerangs
 s - 2 throwing nets
 v - 5 atropa-tipped darts
Armour
 c - a +0 buckler (worn)
 d - a +0 cloak (worn)
 f - a +0 plate armour (worn)
 z - a +0 pair of gloves (worn)
Jewellery
 A - a ring of flight
Wands
 q - a wand of roots (14)
 E - a wand of flame (17)
Scrolls
 b - 2 scrolls of magic mapping
 e - 4 scrolls of immolation
 i - a scroll of brand weapon {unknown}
 j - 4 scrolls of silence
 k - 3 scrolls of butterflies {unknown}
 m - a scroll of summoning
 n - a scroll of vulnerability
 u - 2 scrolls of amnesia
 x - a scroll of poison
 y - a scroll of blinking {unknown}
 B - 4 scrolls of identify
 D - a scroll of enchant weapon {unknown}
Potions
 g - 4 potions of attraction
 h - 3 potions of lignification
 o - 3 potions of heal wounds {unknown}
 r - 4 potions of mutation {unknown}
 t - a potion of curing
 w - 2 potions of brilliance
 C - a potion of haste {unknown}


   Skills:
 + Level 9.5 Fighting
 * Level 12.6 Axes
 - Level 3.6 Armour
 - Level 3.6 Shields


You had 8 spell levels left.
You didn't know any spells.
Your spell library contained the following spells:

 Spells                   Type           Power      Damage    Failure   Level
 Blink                    Tloc           0%         N/A       100%        2
 Scorch                   Fire           0%         2d5       100%        2
 Lesser Beckoning         Tloc           0%         N/A       100%        3
 Stone Arrow              Conj/Erth      0%         3d7       100%        3
 Animate Armour           Summ/Erth      0%         N/A       100%        4
 Flame Wave               Conj/Fire      0%         2d4       100%        4
 Manifold Assault         Tloc           0%         N/A       100%        5
 Summon Cactus Giant      Summ           0%         N/A       100%        6
 Lehudib's Crystal Spear  Conj/Erth      0%         10d2      100%        8


Dungeon Overview and Level Annotations

Branches:
Dungeon (7/15)             Temple (1/1) D:4

Altars:
Ashenzari
Cheibriados
Dithmenos
Elyvilon
Fedhas
Gozag
Hepliaklqana
Kikubaaqudgha
Makhleb
Nemelex Xobeh
Okawaru
Qazlal
Ru
Sif Muna
Trog
Uskayaw
Vehumet
Wu Jian
Xom
Yredelemnul
Zin
The Shining One

Shops:
D:4 ?:?(


Innate Abilities, Weirdness & Mutations

You have a pair of horns on your head.
You reflexively headbutt those who attack you in melee.


Message History

Something hits you.
You hit something. Your headbutt misses something.
You block something's attack. Something hits you but does no damage.
Something hits you. Something hits you!
* * * LOW HITPOINT WARNING * * *
Something hits you but does no damage. x2
Something hits you!
* * * LOW HITPOINT WARNING * * *
Something hits you but does no damage.
You slice something!! You headbutt something.
Something hits you but does no damage.
You lunge at the hound.
You slash the hound! You headbutt the hound!
The hound is almost dead.
Something hits you.
* * * LOW HITPOINT WARNING * * *
The hound bites you but does no damage. x2
You closely miss the hound. Your headbutt misses the hound.
The hound is almost dead.
You hit something. Something hits you.
* * * LOW HITPOINT WARNING * * *
Something hits you but does no damage. The hound bites you but does no damage.
You slash the hound!
You kill the hound!
The Council accepts your kill.
You closely miss something. Something hits you.
* * * LOW HITPOINT WARNING * * *
Something hits you but does no damage. Something hits you!
* * * LOW HITPOINT WARNING * * *
You feel better. You block something's attack.
An orc wizard comes into view.
It is wielding a +0 dagger of protection.
Unknown command.
Something hits you but does no damage. x2
You block something's attack. Something hits you but does no damage.
Something hits you!
* * * LOW HITPOINT WARNING * * *
Something completely misses you.
You slash something!
Something hits you but does no damage. x2
You barely miss something. Something hits you.
You die...

h. ###'# ##### #.... #.#.#
###...##.#.####
#........†....####.# ##
##.###.o.†.........# #.
#...#.##.###### ##.
#.###.##{# ##########..
...# #.##@## ##..........#
#######.#...###.....#####..
#......#................
....####...###.....#######
. .####..#####...##
.............).##
#........####### ####....##
#.#.##


There were no monsters in sight!

Vanquished Creatures
  Sigmund (D:4)
  A wyvern (D:7)
  A steam dragon (D:6)
  Eustachio (D:4)
  Menkaure (D:6)
  An orc warrior (D:7)
  A sky beast (D:7)
  A black bear (D:5)
  An ice beast (D:5)
  2 centaurs
  A bullfrog (D:7)
  Blork the orc (D:6)
  7 scorpions
  A howler monkey (D:5)
  4 hounds
  3 orc priests
  Crazy Yiuf (D:2)
  Natasha (thrice) (D:2)
  3 iguanas
  6 orc wizards
  8 gnolls (D:3)
  11 adders
  An ufetubus (D:7)
  4 worms
  2 dart slugs (D:1)
  15 orcs
  7 endoplasms
  2 giant cockroaches
  11 goblins
  11 hobgoblins
  8 jackals
  7 quokkas
  5 ball pythons
  5 bats
  2 frilled lizards
  5 kobolds
  5 rats
  A butterfly (D:4)
151 creatures vanquished.

Vanquished Creatures (others)
  An orc wizard (D:6)
1 creature vanquished.

Grand Total: 152 creatures vanquished

Notes
Turn   | Place    | Note
-------+----------+-------------------------------------------
     0 | D:1      | Oxelix the Minotaur Fighter began the quest for the Orb.
     0 | D:1      | Reached XP level 1. HP: 19/19 MP: 0/0
   127 | D:1      | Reached skill level 3 in Axes
   155 | D:1      | Reached XP level 2. HP: 27/27 MP: 1/1
   776 | D:2      | Reached XP level 3. HP: 26/33 MP: 2/2
   875 | D:2      | Reached skill level 4 in Axes
   911 | D:2      | Found a runed translucent door.
   912 | D:2      | Noticed Crazy Yiuf
  1036 | D:2      | Found a faded altar of an unknown god.
  1363 | D:2      | Reached XP level 4. HP: 32/41 MP: 3/3
  1577 | D:2      | Noticed Natasha
  1594 | D:2      | Killed Natasha
  1595 | D:2      | Reached skill level 5 in Axes
  1749 | D:2      | Noticed Natasha
  1755 | D:2      | Killed Natasha
  1756 | D:2      | Reached XP level 5. HP: 35/47 MP: 4/4
  2440 | D:2      | Killed Crazy Yiuf
  2441 | D:2      | Reached skill level 5 in Fighting
  3029 | D:2      | Found a faded altar of an unknown god.
  3045 | D:2      | Noticed Natasha
  3052 | D:2      | Killed Natasha
  3528 | D:3      | Reached skill level 6 in Axes
  3575 | D:3      | Reached XP level 6. HP: 39/56 MP: 5/5
  3945 | D:3      | Found a shadowy altar of Dithmenos.
  3946 | D:3      | Found an ancient bone altar of Kikubaaqudgha.
  4588 | D:4      | Found Ywkepnaps's Magic Scroll Emporium.
  4605 | D:4      | Bought a scroll of amnesia for 40 gold pieces
  4605 | D:4      | Bought a scroll of identify for 20 gold pieces
  4605 | D:4      | Bought a scroll of poison for 40 gold pieces
  4605 | D:4      | Bought a scroll of noise for 10 gold pieces
  4676 | D:4      | Noticed Sigmund
  4692 | D:4      | Killed Sigmund
  4693 | D:4      | Reached skill level 7 in Axes
  4693 | D:4      | Reached XP level 7. HP: 35/63 MP: 6/6
  4856 | D:4      | Found a staircase to the Ecumenical Temple.
  4865 | Temple   | Entered the Ecumenical Temple
  4877 | Temple   | Became a worshipper of the Wu Jian Council
  5064 | D:4      | Noticed Eustachio
  5079 | D:4      | Found Cenax's Magic Scroll Shoppe.
  5085 | D:4      | Killed Eustachio
  5086 | D:4      | Reached skill level 8 in Axes
  5224 | D:4      | Bought a scroll of identify for 26 gold pieces
  5224 | D:4      | Bought a scroll of identify for 26 gold pieces
  5309 | D:4      | Found Xoozauxa's Weapon Boutique.
  5445 | D:4      | Found Okuysam's Book Shoppe.
  5522 | D:4      | Found a shimmering blue altar of Sif Muna.
  5742 | D:4      | Found a sacrificial altar of Ru.
  5974 | D:5      | Entered Level 5 of the Dungeon
  5981 | D:5      | Reached skill level 9 in Axes
  6000 | D:5      | Reached XP level 8. HP: 41/73 MP: 7/7
  6187 | D:5      | Reached * piety under Wu Jian
  6198 | D:5      | Reached skill level 10 in Axes
  6727 | D:6      | Noticed Menkaure
  6733 | D:6      | Killed Menkaure
  6734 | D:6      | Reached skill level 11 in Axes
  6885 | D:6      | Found a hide-covered altar of Uskayaw.
  7289 | D:6      | Noticed Blork the orc
  7299 | D:6      | Killed Blork the orc
  7554 | D:6      | Reached XP level 9. HP: 51/82 MP: 8/8
  7846 | D:7      | Identified the +7 rapier "Aries Ihucvo" {holy, *Noise rPois
                  | rF++ Will+}
  7944 | D:7      | Reached skill level 12 in Axes
  8370 | D:7      | HP: 1/84 [something (7)]
  8376 | D:7      | Slain by an unseen horror

Illustrated notes

Levels and vault maps discovered:
D:1:      amcnicky_arrival_single_pillar, layout_basic
D:2:      layout_basic, ebering_ecumenical_altar_sacrificial,
          minmay_tetromino_o2, uniq_crazy_yiuf_cottage, uniq_natasha
D:3:      layout_loops_ring, chequers_temple_overflow_statue_of_worship,
          roderic_roman_lattice, dk_noncrumbling_4
D:4:      layout_loops_ring, lemuel_doored_altar, kennysheep_orc_sif_temple,
          minmay_temple_entry_butterflies, serial_shops, shop,
          nicolae_shop_behind_doors, kennysheep_little_box,
          nicolae_stop_n_shop_2, uniq_eustachio, uniq_sigmund
D:5:      layout_basic, kennysheep_doodads, minmay_misc_feat_diagonals
D:6:      layout_loops_corners, lemuel_crystal_altar, feat_on_display,
          uniq_blork_the_orc, uniq_menkaure
D:7:      layout_loops_ring, corexii_hall_statues_l, hangedman_minor_gate_pass
Temple:   sentei_temple_godly_chess

Skill      XL: |  1  2  3  4  5  6  7  8  9 |
---------------+----------------------------+-----
Axes           | 3 4 5 6 7 9 11 12 | 12.6
Fighting       | 4 5 6 7 8 9 |  9.5
Armour         | |  3.6
Shields        | |  3.6

Action                   |  1- 3 |  4- 6 |  7- 9 || total
-------------------------+-------+-------+-------++-------
Melee: War axe           |    88 |   140 |   198 ||   426
       Headbutt          |    13 |    17 |    25 ||    55
Invok: Lunge             |       |       |    15 ||    15
       Whirlwind         |       |       |     3 ||     3
  Use: Potion            |       |     1 |     1 ||     2
       Scroll            |       |     5 |     3 ||     8
Armor: Scale mail        |     7 |       |       ||     7
       Plate armour      |    60 |    79 |   166 ||   305
Dodge: Dodged            |    26 |    44 |    50 ||   120
Block: Buckler           |    14 |    18 |    46 ||    78
